 Dungeon Crawl Stone Soup version 0.22.1-6-g1668fe2 (webtiles) character file.

35 Goblin1989 the Ruffian (level 3, -8/29 HPs)
             Began as a Demonspawn Chaos Knight on Jan 18, 2019.
             Mangled by an iguana (11 damage)
             ... on level 3 of the Dungeon on Jan 21, 2019.
             The game lasted 00:03:42 (1678 turns).

Goblin1989 the Ruffian (Demonspawn Chaos Knight)    Turns: 1678, Time: 00:03:43

Health: -8/29      AC:  5    Str: 13    XL:     3   Next: 16%
Magic:  3/3        EV: 11    Int: 13    God:    Xom [..*...]
Gold:   89         SH:  0    Dex: 12    Spells: 2/2 levels left

rFire    . . .     SeeInvis .     - Unarmed
rCold    . . .     Gourm    .   (no shield)
rNeg     . . .     Faith    .   a - +2 leather armour
rPois    .         Spirit   .   (no helmet)
rElec    .         Reflect  .   (no cloak)
rCorr    .         Harm     .   (no gloves)
MR       .....                  (no boots)
Stlth    +.........             (no amulet)
HPRegen  0.09/turn              (no ring)
MPRegen  0.08/turn              (no ring)

@: no status effects
A: claws 1
a: Renounce Religion


You were on level 3 of the Dungeon.
You worshipped Xom.
You were a toy of Xom.
You were not hungry.

You visited 1 branch of the dungeon, and saw 3 of its levels.

You collected 89 gold pieces.

Inventory:

Missiles
 h - 24 arrows
 k - 28 stones (quivered) {@Q3}
 s - 21 sling bullets
Armour
 a - a +2 leather armour (worn)
 w - a +0 cloak
Scrolls
 i - a scroll of magic mapping {unknown}
 l - 2 scrolls of fear {unknown}
 n - 2 scrolls of identify {unknown}
 o - a scroll of noise {unknown}
 p - a scroll of blinking {unknown}
 r - a scroll of teleportation {unknown}
 u - a scroll of amnesia {unknown}
 v - a scroll of enchant weapon {unknown}
Potions
 g - 3 potions of curing {unknown}
 j - a potion of brilliance {unknown}
 m - 2 potions of resistance {unknown}
 q - a potion of magic {unknown}
 t - 2 potions of degeneration {unknown}
Comestibles
 e - 7 rations


   Skills:
 + Level 3.1 Fighting
 - Level 1.7 Armour
 + Level 1.2 Dodging
 * Level 3.6 Unarmed Combat


You had 2 spell levels left.
You didn't know any spells.
Your spell library was empty.

Dungeon Overview and Level Annotations

Branches:
Dungeon (3/15)

Altars:

Annotations:
D:3 2 transporters, emiel's ghost, amateur FoBe


Innate Abilities, Weirdness & Mutations

You have sharp fingernails.


Message History

You kill the goblin!
You have reached level 3!
Your experience leads to an increase in your attributes!
Increase (S)trength, (I)ntelligence, or (D)exterity?
You feel stronger.
You regained 4 hp, and now have 26/29 hp.
MP restored: 3 Unknown command.
You barely miss the kobold. Your claw misses the kobold. The kobold misses you.
You scratch the kobold.
The kobold is moderately wounded.
You closely miss the kobold.
The kobold is moderately wounded.
The kobold hits you with a club.
You take 2 damage, and have 25/29 hp.
You scratch the kobold but do no damage.
The kobold is moderately wounded.
The kobold barely misses you.
You closely miss the kobold.
The kobold is moderately wounded.
The kobold completely misses you.
You claw the kobold!
You kill the kobold!
No target in view!
No target in view!
No target in view!
No target in view!
No target in view!
No target in view!
No target in view!
No target in view!
No target in view!
No target in view!
No target in view!
Unknown command.
All of the chunks of flesh in your inventory have rotted away.
HP restored.
You see here a club.
Key pressed, stopping explore.
You open the door. 5 killer bees come into view.
The killer bee buzzes angrily. x3
Health restored: 29
There are monsters nearby!
Unknown command.
You close the door.
You see here a club.
An ooze comes into view.
The ooze quivers.
You scratch the ooze.
The ooze is lightly wounded.
The ooze closely misses you.
You scratch the ooze.
The ooze is heavily wounded.
The ooze hits you but does no damage.
You scratch the ooze.
The ooze is almost dead.
The ooze hits you.
You take 3 damage, and have 26/29 hp.
You claw the ooze!
You kill the ooze!
An iguana comes into view.
The iguana hisses angrily.
Health restored: 29 You scratch the iguana but do no damage.
The iguana bites you.
You take 4 damage, and have 25/29 hp.
You barely miss the iguana. The iguana bites you!
You take 8 damage, and have 17/29 hp.
MASSIVE DAMAGE!!
You barely miss the iguana. The iguana closely misses you.
You scratch the iguana.
The iguana is moderately wounded.
The iguana bites you but does no damage.
You scratch the iguana but do no damage.
The iguana is moderately wounded.
You barely miss the iguana.
The iguana is moderately wounded.
The iguana closely misses you.
You scratch the iguana but do no damage.
The iguana is moderately wounded.
The iguana bites you!
* * * LOW HITPOINT WARNING * * *
You take 10 damage, and have 7/29 hp.
MASSIVE DAMAGE!!
You scratch the iguana.
The iguana is severely wounded.
The iguana closely misses you.
You scratch the iguana.
The iguana is severely wounded.
The iguana closely misses you.
Unknown command.
You scratch the iguana but do no damage.
The iguana is severely wounded.
The iguana bites you.
* * * LOW HITPOINT WARNING * * *
You take 6 damage, and have 1/29 hp.
MASSIVE DAMAGE!!
Unknown command.
There is a stone staircase leading up, spattered with blood here.
You see here a falchion.
The iguana bites you!
You die...

......████...█.█
......▲........██
......████...█..█████
██.........█
██.██.███.█ ████.██)█
█.█ █.......█ █.█ █.
█.██.██████<█ █.
█.██...l@..<█ █.██
█.███████████
...██████.█
.......██l█
.......██.█
..........█
....l..████ .......█
..████.█


You could see an iguana.

Vanquished Creatures
  An adder (D:3)
  An ooze (D:3)
  A worm (D:2)
  2 leopard geckos
  A giant cockroach (D:1)
  3 goblins
  A hobgoblin (D:1)
  2 bats (D:1)
  A frilled lizard (D:2)
  2 kobolds
  2 rats
17 creatures vanquished.

Notes
Turn   | Place    | Note
-------+----------+-------------------------------------------
     0 | D:1      | Goblin1989 the Demonspawn Chaos Knight began the quest for
                  | the Orb.
     0 | D:1      | Reached XP level 1. HP: 18/18 MP: 1/1
    16 | D:1      | XOM: harmless Hex miscast
   370 | D:1      | XOM: harmless Summ miscast
   538 | D:1      | Gained mutation: You have sharp fingernails. [demonic
                  | ancestry]
   538 | D:1      | Reached XP level 2. HP: 22/24 MP: 2/2
   618 | D:1      | XOM: divination: detect creatures
   780 | D:2      | XOM: cloud trail
   799 | D:2      | XOM: divination: detect creatures
  1027 | D:2      | XOM: divination: detect items
  1067 | D:2      | Reached skill level 1 in Dodging
  1408 | D:2      | XOM: harmless Ice miscast
  1516 | D:3      | Reached XP level 3. HP: 26/29 MP: 3/3
  1572 | D:3      | Noticed a killer bee
  1572 | D:3      | Noticed a killer bee
  1572 | D:3      | Noticed a killer bee
  1572 | D:3      | Noticed a killer bee
  1572 | D:3      | Noticed a killer bee
  1610 | D:3      | Found a transporter.
  1623 | D:3      | Found a transporter.
  1623 | D:3      | Noticed emiel's ghost (amateur FoBe)
  1662 | D:3      | HP: 1/29 [iguana (6)]
  1678 | D:3      | Mangled by an iguana

Skill      XL: |  1  2 |
---------------+-------+-----
Unarmed Combat | 3 |  3.6
Dodging        | 1 |  1.2
Fighting       | |  3.1
Armour         | |  1.7

Action                   || total
-------------------------++-------
Melee: Unarmed           ||    65
  Eat: Chunk             ||     2
Armor: Leather armour    ||    23
Dodge: Dodged            ||    28

Vault maps used:
D:1:      matt_arrival_spirals
D:2:      first_ration, st_stairs_5
D:3:      gammafunk_ghost_mausoleum
